 Dungeon Crawl Stone Soup version 0.30.0 (webtiles) character file.

Game seed: 14137942400193993020

3582 Ic0nGaming the Arsonist (level 10, -4/69 HPs)
             Began as a Hill Orc Fire Elementalist on May 6, 2023.
             Was a Follower of Vehumet.
             Slain by a two-headed ogre
             ... wielding a +0 giant club
              (18 damage)
             ... on level 8 of the Dungeon.
             The game lasted 00:22:00 (7396 turns).

Ic0nGaming the Arsonist (HOFE)                      Turns: 7396, Time: 00:22:01

Health: -4/69      AC:  7    Str: 12    XL:     10   Next: 10%
Magic:  19/26      EV: 12    Int: 19    God:    Vehumet [*.....]
Gold:   356        SH:  0    Dex: 14    Spells: 6/19 levels left

rFire   . . .        h - +8 spear "Xazer" {elec, rCorr Dex+3 Stlth+}
rCold   . . .        (no shield)
rNeg    . . .        a - +0 robe
rPois   .            p - +0 helmet
rElec   .            C - +0 cloak
rCorr   +            i - +2 pair of gloves
SInv    +            (no boots)
Will    .....        v - amulet of magic regeneration
Stlth   +++          B - ring of magical power
HPRegen 0.31/turn    u - ring of see invisible
MPRegen 0.60/turn

%: no passive effects
@: no status effects
A: no striking features
a: Renounce Religion


You were on level 8 of the Dungeon.
You worshipped Vehumet.
Vehumet was aware of your devotion.
You visited 2 branches of the dungeon, and saw 9 of its levels.

You collected 356 gold pieces.

Inventory:

Hand Weapons
 e - a +0 heavy dagger
 h - the +8 spear "Xazer" (weapon) {elec, rCorr Dex+3 Stlth+}
   (You found it on level 2 of the Dungeon)

   Dex:       It affects your dexterity (+3).
   rCorr:     It protects you from acid and corrosion.
   Stlth:     It makes you more stealthy.
Missiles
 o - 3 throwing nets
Armour
 a - a +0 robe (worn)
 i - a +2 pair of gloves (worn)
 p - a +0 helmet (worn)
 x - the +7 ring mail of Gyagoxuw {Slay+2}
   (You found it on level 5 of the Dungeon)

   Slay:      It affects your accuracy & damage with ranged weapons and melee
   (+2).
 y - a +0 kite shield
 C - a +0 cloak (worn)
Jewellery
 u - a ring of see invisible (right hand)
 v - an amulet of magic regeneration (around neck)
 B - a ring of magical power (left hand)
 F - a ring of resist corrosion
Wands
 s - a wand of digging (8)
 z - a wand of roots (9)
 E - a wand of polymorph (9)
Scrolls
 c - 2 scrolls of enchant weapon
 d - a scroll of amnesia
 k - a scroll of blinking
 n - 2 scrolls of magic mapping
 D - 4 scrolls of teleportation
 G - a scroll of fear
Potions
 b - 2 potions of magic
 f - 3 potions of curing {unknown}
 g - 2 potions of attraction
 j - a potion of flight {unknown}
 l - 2 potions of mutation {unknown}
 m - a potion of lignification {unknown}
 q - 3 potions of might {unknown}
 r - a potion of resistance {unknown}
 t - a potion of brilliance {unknown}
 w - a potion of ambrosia {unknown}
 A - a potion of degeneration {unknown}


   Skills:
 - Level 1.5 Dodging
 - Level 1.5 Stealth
 + Level 5.2 Spellcasting
 + Level 6.4 Conjurations
 - Level 3.8 Translocations
 * Level 11.0 Fire Magic


You had 6 spell levels left.
You knew the following spells:

 Your Spells              Type           Power      Damage    Failure   Level
a - Foxfire               Conj/Fire      100%       2x1d9     1%          1
b - Scorch                Fire           94%        2d8       1%          2
c - Volatile Blastmotes   Fire/Tloc      66%        2d15      1%          3
d - Flame Wave            Conj/Fire      38%        2d10      3%          4
e - Swiftness             Air            4%         N/A       36%         3

Your spell library contained the following spells:

 Spells                   Type           Power      Damage    Failure   Level
 Magic Dart               Conj           100%       1d8       1%          1
 Kiss of Death            Conj/Necr      68%        2d10      3%          1
 Inner Flame              Hex/Fire       26%        N/A       3%          3
 Ignite Poison            Fire/Tmut/Pois 19%        N/A       8%          3
 Cigotuvi's Dreadful Rot  Necr/Pois/Air  8%         N/A       19%         2
 Ensorcelled Hibernation  Hex/Ice        8%         N/A       19%         2
 Passwall                 Tmut/Erth      3%         N/A       19%         2
 Confusing Touch          Hex            4%         N/A       36%         3
 Dispel Undead            Necr           4%         3d7       77%         4
 Freezing Cloud           Conj/Ice/Air   6%         6-21      80%         5
 Alistair's Intoxication  Tmut/Pois      2%         N/A       98%         5
 Borgnjor's Vile Clutch   Necr/Erth      2%         N/A       98%         5
 Eringya's Noxious Bog    Tmut/Pois      2%         N/A       100%        6


Dungeon Overview and Level Annotations

Branches:
Dungeon (8/15)             Temple (1/1) D:6
   Lair: D:8-11

Altars:
Cheibriados
Fedhas
Gozag
Hepliaklqana
Nemelex Xobeh
Okawaru
Ru
Sif Muna
Trog
Vehumet
Xom
Yredelemnul
Zin
The Shining One


Message History

A wave of flame ripples out!
The flame wave engulfs the yak!
The yak is moderately wounded.
The flame wave engulfs the white imp!!
The white imp is burned terribly!
You kill the white imp!
Vehumet accepts your kill.
The flame wave engulfs the wight!
The wight is almost destroyed.
You hear a shout!
You hear a bellow!
You hear a shout!
You hear a croak.
The yak gores you! The wight barely misses you.
You hear an angry hiss. x2
A wave of flame ripples out!
The flame wave engulfs the yak!
The yak is severely wounded.
The flame wave engulfs the wight.
You destroy the wight!
Vehumet accepts your kill.
You hear a splash. x2
You finish channelling waves of flame.
You hear a croak.
A bullfrog comes into view.
The yak is engulfed in a cloud of scalding steam.
The yak closely misses you.
There are monsters nearby!
Unknown command.
A wave of flame ripples out!
The flame wave engulfs the yak!!
You kill the yak!
Vehumet accepts your kill.
You feel your power returning. (Press . to intensify the flame waves.)
The two-headed ogre is engulfed in a cloud of scalding steam.
The bullfrog swells and bulges.
Your life force feels restored.
Your Fire Magic skill increases to level 11!
A wave of flame ripples out!
The flame wave engulfs the two-headed ogre!
The two-headed ogre is severely wounded.
The two-headed ogre is engulfed in a cloud of scalding steam.
The two-headed ogre hits you with a +0 giant club!!
* * * LOW HITPOINT WARNING * * *
The two-headed ogre hits you with a +0 giant spiked club!!
You die...

#.. #.. #.. #.. ≈#
....#~#######.§#######≈#
.....#≈~~≈~≈§§§≈§§~≈≈~#
#...... .....§O#.(....#
##..... .....##.@......#
.....# ........#.......##
...####.......##.......#
##...<.........##......##
).................(.F###
..............##......#
..._).........#.....#....
#................#####.#.
#........##......# ...


You could see a two-headed ogre and a bullfrog.

Vanquished Creatures
  A kobold demonologist (D:6)
  A wyvern (D:8)
  5 yaks (D:8)
  A water moccasin (D:6)
  An orc warrior (D:7)
  A black bear (D:6)
  An ice beast (D:7)
  A sky beast (D:7)
  An ogre (D:6)
  2 centaurs
  A phantom (D:6)
  2 kobold brigands
  2 bullfrogs
  2 scorpions
  5 wights
  A howler monkey (D:8)
  Crazy Yiuf (D:6)
  2 jellies (D:6)
  2 orc priests
  4 hounds
  4 iguanas
  A gnoll bouda (D:8)
  3 sleepcaps
  5 orc wizards
  18 gnolls
  3 adders
  5 white imps
  An ufetubus (D:5)
  A worm (D:5)
  2 dart slugs
  15 orcs
  2 ball pythons
  2 endoplasms (D:3)
  5 giant cockroaches
  7 hobgoblins
  4 jackals
  4 quokkas
  3 bats
  4 frilled lizards
  10 goblins
  18 kobolds
  4 rats
158 creatures vanquished.

Vanquished Creatures (others)
  79 foxfires
  A plant (D:4)
80 creatures vanquished.

Grand Total: 238 creatures vanquished

Notes
Turn   | Place    | Note
-------+----------+-------------------------------------------
     0 | D:1      | Ic0nGaming the Hill Orc Fire Elementalist began the quest
                  | for the Orb.
     0 | D:1      | Reached XP level 1. HP: 14/14 MP: 3/3
   156 | D:1      | Reached XP level 2. HP: 10/20 MP: 0/4
   201 | D:1      | Learned a level 2 spell: Scorch
   970 | D:2      | Reached skill level 4 in Fire Magic
   970 | D:2      | Reached XP level 3. HP: 26/26 MP: 0/5
  1209 | D:2      | Identified the +8 spear "Xazer" {elec, rCorr Dex+3 Stlth+}
  1275 | D:2      | Reached XP level 4. HP: 32/33 MP: 6/6
  2269 | D:3      | Reached XP level 5. HP: 19/38 MP: 0/7
  2651 | D:4      | Reached skill level 5 in Fire Magic
  2662 | D:4      | Learned a level 3 spell: Volatile Blastmotes
  2845 | D:4      | Found a blossoming altar of Fedhas.
  2961 | D:4      | Reached skill level 1 in Translocations
  2964 | D:4      | Reached XP level 6. HP: 45/45 MP: 2/9
  3713 | D:5      | Entered Level 5 of the Dungeon
  4232 | D:5      | Identified the +7 ring mail of Gyagoxuw {Slay+2}
  4563 | D:6      | Reached skill level 6 in Fire Magic
  4563 | D:6      | Reached XP level 7. HP: 50/50 MP: 6/10
  4732 | D:6      | Found a staircase to the Ecumenical Temple.
  5098 | D:6      | Found an opulent altar of Gozag.
  5220 | D:6      | Found a runed translucent door.
  5221 | D:6      | Noticed Crazy Yiuf
  5238 | D:6      | Reached skill level 7 in Fire Magic
  5238 | D:6      | Reached XP level 8. HP: 57/57 MP: 12/12
  5267 | Temple   | Entered the Ecumenical Temple
  5470 | Temple   | Became a worshipper of Vehumet
  5580 | D:6      | Learned a level 4 spell: Flame Wave
  5913 | D:6      | Killed Crazy Yiuf
  6074 | D:6      | Reached skill level 8 in Fire Magic
  6123 | D:7      | Noticed a kobold demonologist
  6125 | D:7      | Noticed a smoke demon
  6175 | D:6      | Killed a kobold demonologist
  6176 | D:6      | Reached skill level 9 in Fire Magic
  6176 | D:6      | Reached XP level 9. HP: 50/62 MP: 9/15
  6427 | D:7      | Reached skill level 5 in Conjurations
  7075 | D:8      | Reached * piety under Vehumet
  7075 | D:8      | Offered knowledge of Magic Dart by Vehumet.
  7078 | D:8      | Reached skill level 10 in Fire Magic
  7216 | D:8      | Reached skill level 5 in Spellcasting
  7217 | D:8      | Reached XP level 10. HP: 41/69 MP: 17/17
  7337 | D:8      | Found a shimmering blue altar of Sif Muna.
  7370 | D:8      | Learned a level 3 spell: Swiftness
  7390 | D:8      | Noticed a two-headed ogre
  7396 | D:8      | Reached skill level 11 in Fire Magic
  7396 | D:8      | Slain by a two-headed ogre

Illustrated notes

Levels and vault maps discovered:
D:1:      ncdulo_watergridlock, layout_rooms, minmay_misc_feat_columns
D:2:      layout_rooms
D:3:      layout_basic
D:4:      layout_loops_ring, fedhas_altar_3
D:5:      layout_basic
D:6:      layout_basic, nicolae_gozag_seed_capital, temple_statues,
          uniq_crazy_yiuf_cottage
D:7:      layout_basic
D:8:      cheibrodos_ideogram_h, layout_cave_pools, elyvilon_altar_4,
          skrybe_limestone_x, hangedman_feature_mirror, grunt_decor_mini_mirrors
Temple:   hc_temple_tempest_star

Skill      XL: |  1  2  3  4  5  6  7  8  9 10 |
---------------+-------------------------------+-----
Conjurations   | 2 3 4 6 |  6.4
Fire Magic     | 4 5 6 7 9 10 11 | 11.0
Spellcasting   | 2 3 4 5 |  5.2
Translocations | 1 2 3 |  3.8
Dodging        | |  1.5
Stealth        | |  1.5

Action                     |  1- 3 |  4- 6 |  7- 9 | 10-12 || total
---------------------------+-------+-------+-------+-------++-------
  Melee: Unarmed           |     6 |       |       |       ||     6
         Dagger            |     7 |       |       |       ||     7
         Spear             |    14 |    85 |    28 |    10 ||   137
         Punch             |       |       |       |     1 ||     1
   Cast: Foxfire           |    27 |    11 |    15 |       ||    53
         Scorch            |     8 |    32 |    88 |       ||   128
         Volatile Blastmot |       |       |    11 |       ||    11
         Flame Wave        |       |       |     8 |     2 ||    10
  Evoke: Wand              |       |       |     2 |       ||     2
    Use: Scroll            |     4 |     8 |     3 |       ||    15
   Stab: Sleeping          |       |    10 |     2 |       ||    12
 Armour: Robe              |     9 |    15 |    40 |     1 ||    65
  Dodge: Dodged            |    27 |    34 |    82 |     6 ||   149
